 Dungeon Crawl Stone Soup version 0.31-a0-189-ga26ba32dd1 (webtiles) character file.

Game seed: 12513055918247589193

229 qw the Skirmisher (level 5, -2/29 HPs)
             Began as a Deep Elf Hunter on June 23, 2023.
             Killed by divine providence
             ... invoked by an orc priest
              (9 damage)
             ... on level 4 of the Dungeon.
             The game lasted 00:01:13 (1929 turns).

qw the Skirmisher (Deep Elf Hunter)                 Turns: 1929, Time: 00:01:14

Health: -2/29      AC:  7    Str:  9    XL:     5   Next: 71%
Magic:  7/7        EV: 11    Int: 13    God:
Gold:   209        SH:  0    Dex: 22    Spells: 4/4 levels left

rFire   . . .        Y - +1 shortbow
rCold   + . .        (shield currently unavailable)
rNeg    . . .        f - +0 ring mail
rPois   .            g - +0 helmet
rElec   .            (no cloak)
rCorr   .            h - +0 pair of gloves
SInv    .            (no boots)
Will    +....        (no amulet)
Stlth   ++           l - ring of protection from cold
HPRegen 0.24/turn    b - ring of willpower
MPRegen 0.10/turn

%: no passive effects
@: no status effects
A: agile 1
a: no special abilities


You were on level 4 of the Dungeon.
You visited 1 branch of the dungeon, and saw 4 of its levels.

You collected 209 gold pieces.


Innate Abilities, Weirdness & Mutations

You are agile. (Dex +4, Str/Int -1)


   Skills:
 + Level 1.5 Fighting
 - Level 9.1 Ranged Weapons
 - Level 3.0 Dodging
 - Level 1.2 Stealth


You had 4 spell levels left.
You didn't know any spells.
Your spell library was empty.

Inventory:

Hand Weapons
 Y - a +1 shortbow (weapon)
Armour
 f - a +0 ring mail (worn)
 g - a +0 helmet (worn)
 h - a +0 pair of gloves (worn)
Jewellery
 b - a ring of willpower (right hand)
 l - a ring of protection from cold (left hand)
Scrolls
 e - 2 scrolls of identify
Potions
 i - a potion of mutation
 j - a potion of enlightenment
 k - a potion of heal wounds {unknown}

Dungeon Overview and Level Annotations

Branches:
Dungeon (4/15)
 Temple: D:4-7

Altars:
Cheibriados


Message History

You shoot an arrow. The arrow hits the orc wizard.
The orc wizard is heavily wounded.
The orc wizard hits you but does no damage.
You shoot an arrow. The arrow hits the orc wizard.
The orc wizard is severely wounded.
The orc wizard barely misses you.
You shoot an arrow.
The arrow closely misses the orc wizard.
The orc wizard hits you but does no damage.
An orc comes into view. It is wielding a +0 club.
The orc wizard hits you but does no damage.
The orc hits you but does no damage.
You shoot an arrow. The arrow barely misses the orc wizard.
The orc hits you but does no damage.
You shoot an arrow. The arrow hits the orc wizard.
You kill the orc wizard!
The orc hits you with a +0 whip.
Your Ranged Weapons skill increases to level 9!
You shoot an arrow. The arrow hits the orc priest.
The orc priest is lightly wounded.
The orc priest hits you but does no damage.
The orc hits you but does no damage.
You shoot an arrow. The arrow hits the orc priest!
The orc priest is severely wounded.
The orc priest invokes the aid of Beogh against you.
Beogh smites you! The orc barely misses you.
You shoot an arrow. The arrow hits the orc priest.
The orc priest is severely wounded.
The orc priest invokes the aid of Beogh against you.
Pain shoots through your body! The orc hits you but does no damage.
You shoot an arrow. The arrow hits the orc priest.
The orc priest is almost dead.
The orc priest barely misses you. The orc hits you but does no damage.
You shoot an arrow. The arrow hits the orc priest.
You kill the orc priest!
The orc priest looks braver for a moment.
The orc hits you with a +0 whip.
The orc priest calls down the wrath of Beogh upon you.
Beogh smites you!
You die...

...#...####..#..
#.......##.##
##..###..#.# #..
##.#.# ### #.#.#
...######...#
#...?......#####.
#####......)....
##o@..##.######.
#.o#####.# #o##
#.# #. #.. #. ...
oo ##.. o# ## .#
.


You could see an orc priest and 2 orcs.

Vanquished Creatures
  A jelly (D:4)
  An orc priest (D:4)
  Jessica (D:3)
  Natasha (twice) (D:2)
  An orc wizard (D:4)
  Robin (D:2)
  2 worms (D:2)
  A dart slug (D:2)
  2 orcs (D:3)
  9 endoplasms
  14 goblins
  7 hobgoblins
  6 jackals
  7 kobolds
  4 quokkas
  4 ball pythons
  5 bats
  7 frilled lizards
  4 rats
79 creatures vanquished.

Notes
Turn   | Place    | Note
-------+----------+-------------------------------------------
     0 | D:1      | qw the Deep Elf Hunter began the quest for the Orb.
     0 | D:1      | Reached XP level 1. HP: 12/12 MP: 3/3
     0 | D:1      | 0 ||| qw: Version: 0.3-a-9-g12657ce
     0 | D:1      | 0 ||| qw: Game counter: 4454
     0 | D:1      | 0 ||| qw: Always use a shield: true
     0 | D:1      | 0 ||| qw: God list: Okawaru
     0 | D:1      | 0 ||| qw: Allow faded altars: false
     0 | D:1      | 0 ||| qw: Do Orc after D:15 true
     0 | D:1      | 0 ||| qw: Do second Lair branch before Depths: true
     0 | D:1      | 0 ||| qw: Lair rune preference: random
     0 | D:1      | 0 ||| qw: Plans: Normal
     0 | D:1      | 0 ||| PLANNING D:1-11
    92 | D:1      | Reached XP level 2. HP: 16/16 MP: 4/4
   185 | D:1      | Reached skill level 6 in Ranged Weapons
   519 | D:1      | Reached XP level 3. HP: 20/20 MP: 5/5
   821 | D:1      | 821 ||| UPGRADING to +0 pair of gloves.
   826 | D:1      | 826 ||| DROPPING +6 ring of intelligence.
   827 | D:1      | 827 ||| UPGRADING to ring of protection from cold.
   828 | D:1      | 828 ||| READING scroll labelled JOFYRPHECZU.
   829 | D:1      | 829 ||| READING 2 scrolls labelled NETHAKHL BYAFA.
   830 | D:1      | 830 ||| READING scroll labelled XALAISTR CIUK.
   831 | D:1      | 831 ||| READING scroll labelled XEFRAM BEEGHAS.
   832 | D:1      | 832 ||| DRINKING 2 glowing golden potions.
   832 | D:1      | Gained mutation: You are agile. (Dex +4, Str/Int -1)
                  | [potion of mutation]
   833 | D:1      | 833 ||| DROPPING scroll of butterflies.
   834 | D:1      | 834 ||| DROPPING scroll of blinking.
   912 | D:2      | 912 ||| FLEEEEING.
   913 | D:2      | 913 ||| FLEEEEING.
  1009 | D:2      | Reached skill level 7 in Ranged Weapons
  1039 | D:2      | Noticed Robin
  1044 | D:2      | Killed Robin
  1045 | D:2      | Reached skill level 3 in Dodging
  1057 | D:2      | Reached XP level 4. HP: 25/25 MP: 6/6
  1158 | D:2      | Noticed Natasha
  1169 | D:2      | Killed Natasha
  1283 | D:2      | Noticed Natasha
  1289 | D:2      | Killed Natasha
  1290 | D:2      | Reached skill level 8 in Ranged Weapons
  1299 | D:2      | 1299 ||| UPGRADING to +0 ring mail.
  1309 | D:2      | 1309 ||| DROPPING +0 leather armour.
  1310 | D:2      | 1310 ||| UPGRADING to +0 helmet.
  1315 | D:2      | 1315 ||| READING 2 scrolls labelled FENIOFR PECZIS.
  1316 | D:2      | 1316 ||| READING scroll labelled ONEXKU TIUHASM.
  1317 | D:2      | 1317 ||| READING scroll labelled LATAHU NIWK.
  1318 | D:2      | 1318 ||| READING 2 scrolls of identify.
  1318 | D:2      | 1318 ||| IDENTIFYING fuming red potion
  1319 | D:2      | 1319 ||| DROPPING scroll of fear.
  1451 | D:3      | Reached XP level 5. HP: 29/29 MP: 7/7
  1587 | D:3      | Noticed Jessica
  1591 | D:3      | Killed Jessica
  1644 | D:3      | Found a faded altar of an unknown god.
  1649 | D:3      | Found a snail-covered altar of Cheibriados.
  1735 | D:3      | 1735 ||| UPGRADING to ring of willpower.
  1736 | D:3      | 1736 ||| READING scroll labelled YCSIYGR FUUPP.
  1737 | D:3      | 1737 ||| READING scroll labelled YRYELU KYMI.
  1769 | D:4      | 1769 ||| STAIRDANCE
  1773 | D:4      | 1773 ||| STAIRDANCE
  1777 | D:4      | 1777 ||| STAIRDANCE
  1781 | D:4      | 1781 ||| STAIRDANCE
  1785 | D:4      | 1785 ||| STAIRDANCE
  1789 | D:4      | 1789 ||| STAIRDANCE
  1793 | D:4      | 1793 ||| STAIRDANCE
  1797 | D:4      | 1797 ||| STAIRDANCE
  1801 | D:4      | 1801 ||| STAIRDANCE
  1805 | D:4      | 1805 ||| STAIRDANCE
  1809 | D:4      | 1809 ||| STAIRDANCE
  1813 | D:4      | 1813 ||| STAIRDANCE
  1817 | D:4      | 1817 ||| STAIRDANCE
  1821 | D:4      | 1821 ||| STAIRDANCE
  1825 | D:4      | 1825 ||| STAIRDANCE
  1829 | D:4      | 1829 ||| STAIRDANCE
  1833 | D:4      | 1833 ||| STAIRDANCE
  1837 | D:4      | 1837 ||| STAIRDANCE
  1841 | D:4      | 1841 ||| STAIRDANCE
  1845 | D:4      | 1845 ||| STAIRDANCE
  1862 | D:3      | 1862 ||| Stepping randomly (stuck).
  1914 | D:4      | 1914 ||| Stepping ~*~*~tactically~*~*~ (outnumbered).
  1916 | D:4      | 1916 ||| Stepping ~*~*~tactically~*~*~ (outnumbered).
  1925 | D:4      | Reached skill level 9 in Ranged Weapons
  1929 | D:4      | HP: 7/29 [orc/+0 whip (4)]
  1929 | D:4      | Killed from afar by an orc priest

Levels and vault maps discovered:
D:1:      dpeg_arrival_water_fire, layout_basic, chequers_mini_garden,
          minmay_bisected
D:2:      layout_rooms, uniq_natasha, uniq_robin
D:3:      layout_rooms, nicolae_overflow_ecumenical_swirl,
          small_statue_intersection, minmay_box_of_dots, uniq_jessica
D:4:      layout_rooms

Skill      XL: |  1  2  3  4  5 |
---------------+----------------+-----
Ranged Weapons | 6 7 8 9 |  9.1
Dodging        | 3 |  3.0
Fighting       | |  1.5
Stealth        | |  1.2

Action                     |  1- 3 |  4- 6 || total
---------------------------+-------+-------++-------
   Fire: Shortbow          |   121 |    94 ||   215
    Use: Scroll            |     4 |     6 ||    10
         Potion            |     1 |       ||     1
 Armour: Leather armour    |     5 |     4 ||     9
         Ring mail         |       |    11 ||    11
  Dodge: Dodged            |    17 |    15 ||    32

Table legend:
 A = Non-vault XP
 B = Vault XP
 C = Vault XP percentage of total XP
 D = Non-vault monster count
 E = Vault monster count
 F = Vault count percentage of total count
                 A         B        C        D         E       F
            +---------+---------+-------+---------+---------+-------
      Total |     249 |     119 |  32.3 |      59 |      20 |  25.3
            +---------+---------+-------+---------+---------+-------
        D:1 |      39 |       3 |   7.1 |      26 |       2 |   7.1
        D:2 |      71 |      72 |  50.3 |      16 |      14 |  46.7
        D:3 |      18 |      44 |  71.0 |      11 |       4 |  26.7
        D:4 |     121 |       0 |   0.0 |       6 |       0 |   0.0
            +---------+---------+-------+---------+---------+-------
